[Event "2024 Perth Chess Club Championship (Reserves)"]
[Site "Woodvale, Perth WA AUS"]
[Date "2024.05.15"]
[Round "6"]
[White "Leonhardt, Wolfgang"]
[Black "Oswald, Franz"]
[Result "0-1"]
[ECO "B44"]
[WhiteElo "1767"]
[BlackElo "1692"]
[PlyCount "62"]
[EventDate "2024.04.10"]
[EventType "swiss"]
[EventRounds "7"]
[EventCountry "AUS"]
[TimeControl "3600+30"]

1. e4 c5 2. Nf3 e6 3. d4 cxd4 4. Nxd4 Nc6 5. Nxc6 bxc6 6. Bd3 Be7 7. O-O Qc7 8.
c4 Nf6 9. Nc3 Bb7 10. Be3 d5 11. cxd5 cxd5 12. Rc1 Qd8 13. Bb5+ Kf8 14. e5 Nd7
15. f4 a6 16. Bd3 Nc5 17. Bc2 Nd7 18. Ne2 g6 19. a3 a5 20. Rf2 Ba6 21. Ng3 Nb6
22. f5 gxf5 23. Bh6+ Ke8 24. Qh5 Nc4 25. Nxf5 Bc5 26. Ng7+ Kd7 27. Bg5 Bxf2+
28. Kxf2 Qb6+ 29. Kg3 Raf8 30. h3 Nxe5 31. Bf6 Qe3+ 0-1

[Event "2024 Perth Chess Club Championship (Reserves)"]
[Site "Woodvale, Perth WA AUS"]
[Date "2024.05.15"]
[Round "6"]
[White "Kerr, Carter"]
[Black "Michael, Ashley"]
[Result "1-0"]
[ECO "B03"]
[WhiteElo "1875"]
[BlackElo "1559"]
[PlyCount "73"]
[EventDate "2024.04.10"]
[EventType "swiss"]
[EventRounds "7"]
[EventCountry "AUS"]
[TimeControl "3600+30"]

1. e4 Nf6 2. e5 Nd5 3. d4 b5 4. Bxb5 c5 5. c4 cxd4 6. Qxd4 Nb4 7. Qc3 e6 8. Nf3
N8c6 9. Bg5 Qa5 10. O-O a6 11. Bxc6 Nxc6 12. Qxa5 Nxa5 13. b3 Bb7 14. Nc3 Bc5
15. Na4 Ba7 16. Rad1 Bc6 17. Nc3 O-O 18. Nd4 Bb8 19. Nxc6 Nxc6 20. f4 Ba7+ 21.
Kh1 Nd4 22. Ne4 Nf5 23. Rxd7 h6 24. Be7 Nxe7 25. Rxe7 Rfd8 26. Nd6 Bc5 27. Rd1
Bxd6 28. exd6 Kf8 29. Rc7 Rac8 30. Rxc8 Rxc8 31. d7 Rd8 32. c5 Ke7 33. c6 f6
34. Rc1 Ra8 35. Rd1 Rd8 36. c7 Rxd7 37. Rc1 1-0

[Event "2024 Perth Chess Club Championship (Reserves)"]
[Site "Woodvale, Perth WA AUS"]
[Date "2024.05.15"]
[Round "6"]
[White "Curtis, Calan"]
[Black "Porteus, Grant"]
[Result "1-0"]
[ECO "D00"]
[WhiteElo "1627"]
[BlackElo "1183"]
[PlyCount "74"]
[EventDate "2024.04.10"]
[EventType "swiss"]
[EventRounds "7"]
[EventCountry "AUS"]
[TimeControl "3600+30"]

1. d4 d5 2. Nc3 Bf5 3. Bf4 a6 4. e3 c6 5. Nf3 Nf6 6. Ne5 Nbd7 7. g4 Be6 8. g5
Nxe5 9. gxf6 Ng6 10. fxg7 Bxg7 11. Bg3 Qb6 12. Na4 Qd8 13. Nc5 Qc8 14. a4 b6
15. Nb3 c5 16. a5 c4 17. Nd2 b5 18. h3 Bf5 19. Bg2 Qd7 20. Qh5 Rd8 21. O-O b4
22. e4 dxe4 23. Nxe4 Bxd4 24. Rad1 Qa4 25. Qxf5 O-O 26. Ra1 Qd7 27. Qxd7 Rxd7
28. Rad1 Rfd8 29. c3 f5 30. Rxd4 Rxd4 31. cxd4 f4 32. Bh2 Rxd4 33. Rc1 e5 34.
Nc5 Nh4 35. Nxa6 f3 36. Bf1 Rd6 37. Bxc4+ Kg7 1-0

[Event "2024 Perth Chess Club Championship (Reserves)"]
[Site "Woodvale, Perth WA AUS"]
[Date "2024.05.15"]
[Round "6"]
[White "Brooke, John"]
[Black "Leech, Martin"]
[Result "0-1"]
[ECO "D00"]
[WhiteElo "1397"]
[BlackElo "1546"]
[PlyCount "100"]
[EventDate "2024.04.10"]
[EventType "swiss"]
[EventRounds "7"]
[EventCountry "AUS"]
[TimeControl "3600+30"]

1. d4 d5 2. Bf4 Nf6 3. Nc3 a6 4. e3 c5 5. Nf3 e6 6. Be2 cxd4 7. Nxd4 Bb4 8. a3
Bxc3+ 9. bxc3 O-O 10. Bg5 Nbd7 11. Nb3 Qc7 12. Qd4 Ne4 13. Bf4 e5 14. Qb4 exf4
15. exf4 Qxc3+ 16. Qxc3 Nxc3 17. Bd3 Re8+ 18. Kd2 Ne4+ 19. Ke1 Ng3+ 20. Kd2
Nxh1 21. Rxh1 Nf6 22. f3 Bd7 23. Nd4 Rac8 24. Rb1 b5 25. h3 Nh5 26. Ne2 g6 27.
g4 Ng7 28. Ng3 f5 29. g5 Ne6 30. Ne2 Bc6 31. c3 Rcd8 32. h4 d4 33. c4 Bxf3 34.
cxb5 axb5 35. Bxb5 Re7 36. Bc4 Kf8 37. Ng1 Be4 38. Rb6 Nxf4 39. Rf6+ Kg7 40. a4
Ra8 41. Bb5 Re6 42. Rxe6 Nxe6 43. Ne2 h6 44. gxh6+ Kxh6 45. Bd7 Nc5 46. Bb5
Nb3+ 47. Ke1 d3 48. Ng3 d2+ 49. Kd1 Rc8 50. Ne2 Bf3 0-1

[Event "2024 Perth Chess Club Championship (Reserves)"]
[Site "Woodvale, Perth WA AUS"]
[Date "2024.05.15"]
[Round "6"]
[White "Nauom, Rafik"]
[Black "Gough, Sebastian"]
[Result "1/2-1/2"]
[ECO "B18"]
[WhiteElo "1444"]
[BlackElo "1206"]
[PlyCount "83"]
[EventDate "2024.04.10"]
[EventType "swiss"]
[EventRounds "7"]
[EventCountry "AUS"]
[TimeControl "3600+30"]

1. e4 c6 2. d4 d5 3. Nc3 dxe4 4. Nxe4 Bf5 5. Nc3 Nf6 6. Nf3 e6 7. Bd3 Bg6 8.
Bg5 Nbd7 9. Ne4 Be7 10. Bxf6 Nxf6 11. Nxf6+ Bxf6 12. c3 Bxd3 13. Qxd3 c5 14.
Qb5+ Qd7 15. Qxd7+ Kxd7 16. Ne5+ Bxe5 17. dxe5 Rad8 18. f4 Kc6 19. g4 Rd5 20.
Rd1 Rxd1+ 21. Kxd1 Rd8+ 22. Ke2 Rd5 23. c4 Rd4 24. Ke3 Rxc4 25. h4 Rd4 26. b3
b5 27. Rc1 Kd5 28. g5 Re4+ 29. Kf3 c4 30. Kg4 g6 31. Kf3 Rd4 32. Rb1 Rd3+ 33.
Ke2 Kd4 34. bxc4 Kxc4 35. Rxb5 Re3+ 36. Kxe3 Kxb5 37. Kd3 Kc5 38. Kc3 a5 39. a4
Kd5 40. Kb3 Kc5 41. Kc3 Kd5 42. Kd3 1/2-1/2

[Event "2024 Perth Chess Club Championship (Reserves)"]
[Site "Woodvale, Perth WA AUS"]
[Date "2024.05.15"]
[Round "6"]
[White "Owen, Geoffrey"]
[Black "Powell, Darren"]
[Result "1-0"]
[ECO "C30"]
[WhiteElo "1104"]
[BlackElo "1303"]
[PlyCount "97"]
[EventDate "2024.04.10"]
[EventType "swiss"]
[EventRounds "7"]
[EventCountry "AUS"]
[TimeControl "3600+30"]

1. e4 e5 2. d4 exd4 3. f4 Bc5 4. Nf3 d6 5. Bd3 Nc6 6. O-O Bg4 7. h3 Bxf3 8.
Qxf3 Qd7 9. a3 a6 10. b4 Ba7 11. Re1 Nge7 12. e5 O-O-O 13. b5 axb5 14. exd6
Qxd6 15. Kh1 Rde8 16. Rf1 f5 17. Bxb5 Qc5 18. Bxc6 Nxc6 19. c3 Qd6 20. a4 Na5
21. Na3 c6 22. Rb1 Bb8 23. Rb4 Re4 24. Rxd4 Rxd4 25. cxd4 g5 26. g3 Qh6 27. Kg2
Qd6 28. d5 Qxd5 29. Qxd5 cxd5 30. fxg5 Rg8 31. Rxf5 Nb3 32. Bb2 Nd2 33. Rxd5
Ne4 34. h4 h6 35. Bc1 Nxg3 36. Nc4 Ne2 37. Be3 Nf4+ 38. Bxf4 Bxf4 39. Nd6+ Bxd6
40. Rxd6 hxg5 41. h5 Rh8 42. h6 Kc7 43. Rg6 Kb8 44. Kg3 Kc8 45. Kg4 Kd8 46.
Kxg5 Ke8 47. Rg7 b6 48. h7 Kf8 49. Kg6 1-0

[Event "2024 Perth Chess Club Championship (Reserves)"]
[Site "Woodvale, Perth WA AUS"]
[Date "2024.05.15"]
[Round "6"]
[White "Markou, Victor"]
[Black "Lanham, Bruce"]
[Result "0-1"]
[ECO "B10"]
[WhiteElo "1003"]
[BlackElo "1254"]
[PlyCount "66"]
[EventDate "2024.04.10"]
[EventType "swiss"]
[EventRounds "7"]
[EventCountry "AUS"]
[TimeControl "3600+30"]

1. e4 c6 2. Nf3 d5 3. exd5 cxd5 4. g3 Bg4 5. Bg2 e6 6. O-O Ne7 7. d4 Nf5 8. Re1
Bd6 9. Nbd2 Nxd4 10. c3 Nxf3+ 11. Nxf3 O-O 12. Qb3 Qd7 13. Ne5 Bxe5 14. Rxe5
Nc6 15. f3 Nxe5 16. fxg4 Nxg4 17. Bd2 b5 18. Bf1 a6 19. Qb4 Ne5 20. Bf4 Ng6 21.
Be3 Rfc8 22. Bd3 Ne5 23. Be2 Nc4 24. Bxc4 bxc4 25. b3 Qb5 26. Qa3 cxb3 27. Qxb3
Qxb3 28. axb3 Rxc3 29. Kf2 Rxb3 30. Rd1 a5 31. Ra1 a4 32. Rc1 a3 33. Bd4 a2 0-1

[Event "2024 Perth Chess Club Championship (Closed)"]
[Site "Woodvale, Perth WA AUS"]
[Date "2024.05.22"]
[Round "7"]
[White "Clarke, Daniel"]
[Black "Elkington, Derek"]
[Result "1-0"]
[ECO "B40"]
[WhiteElo "1922"]
[BlackElo "1896"]
[PlyCount "75"]
[EventDate "2024.04.10"]
[EventType "tourn"]
[EventRounds "7"]
[EventCountry "AUS"]
[TimeControl "5400+30"]

1. e4 c5 2. Nf3 e6 3. d4 cxd4 4. Nxd4 Qb6 5. Nc3 Bc5 6. Na4 Qa5+ 7. c3 Bxd4 8.
Qxd4 Nf6 9. Nc5 Qc7 10. e5 Nc6 11. Qd6 Qxd6 12. exd6 h6 13. f3 a6 14. Na4 O-O
15. Nb6 Rb8 16. c4 Re8 17. Bd3 e5 18. Bf5 Nd4 19. Bb1 e4 20. O-O Re6 21. c5 g5
22. fxe4 Nxe4 23. Bxe4 Rxe4 24. Bd2 Ne6 25. b4 Re2 26. Rf2 Re4 27. Raf1 Rd4 28.
Bc3 Re4 29. Rf6 Nf4 30. Bd2 Kg7 31. Rf5 Kg6 32. g4 Ne2+ 33. Kh1 Rxg4 34. Rf6+
Kh5 35. Rxf7 Ra8 36. Rf8 Rh4 37. Be1 Rh3 38. Nxa8 1-0

[Event "2024 Perth Chess Club Championship (Closed)"]
[Site "Woodvale, Perth WA AUS"]
[Date "2024.05.22"]
[Round "7"]
[White "Saxon, Marc"]
[Black "Wolstencroft, Alan"]
[Result "1-0"]
[ECO "B96"]
[WhiteElo "2033"]
[BlackElo "1900"]
[PlyCount "53"]
[EventDate "2024.04.10"]
[EventType "tourn"]
[EventRounds "7"]
[EventCountry "AUS"]
[TimeControl "5400+30"]

1. e4 c5 2. Nf3 d6 3. d4 cxd4 4. Nxd4 Nf6 5. Nc3 a6 6. Bg5 e6 7. f4 Nbd7 8. Qf3
Qc7 9. O-O-O b5 10. e5 Bb7 11. Ndxb5 axb5 12. Nxb5 Qb8 13. Qc3 Nd5 14. Rxd5
Bxd5 15. Nc7+ Qxc7 16. Qxc7 Be7 17. Bb5 Rd8 18. Bxe7 Kxe7 19. Qxd6+ Ke8 20. Rd1
f5 21. c4 Kf7 22. cxd5 Rc8+ 23. Kb1 Nc5 24. dxe6+ Nxe6 25. Qd7+ Kg6 26. Qxe6+
Kh5 27. Be2+ 1-0

[Event "2024 Perth Chess Club Championship (Closed)"]
[Site "Woodvale, Perth WA AUS"]
[Date "2024.05.22"]
[Round "7"]
[White "Maris, Rob"]
[Black "Gibson, Jacob"]
[Result "1/2-1/2"]
[ECO "A17"]
[WhiteElo "2088"]
[BlackElo "1976"]
[PlyCount "133"]
[EventDate "2024.04.10"]
[EventType "tourn"]
[EventRounds "7"]
[EventCountry "AUS"]
[TimeControl "5400+30"]

1. c4 e6 2. Nc3 d5 3. e3 Nf6 4. Nf3 b6 5. b3 c5 6. d4 Bb7 7. Be2 Nbd7 8. O-O
Rc8 9. Bb2 Bd6 10. a4 O-O 11. a5 bxa5 12. cxd5 Nxd5 13. Nxd5 Bxd5 14. Bc4 Nf6
15. Qe2 cxd4 16. Bxd5 Nxd5 17. Bxd4 Bc5 18. Qb5 Bb4 19. Kh1 Qe7 20. Ne5 f6 21.
Nc6 Qd7 22. Rfc1 e5 23. Bb2 Nc3 24. Bxc3 Qxc6 25. Qxc6 Rxc6 26. Bxb4 Rxc1+ 27.
Rxc1 axb4 28. g4 Rd8 29. Rc4 a5 30. Rc5 Rd3 31. Rxa5 Rxb3 32. Rb5 Kf7 33. Kg2
e4 34. f3 Rxe3 35. Rxb4 exf3+ 36. Kg3 Kg6 37. h4 h5 38. Rf4 hxg4 39. Kxg4 f5+
40. Kg3 Ra3 41. Kf2 Kh5 42. Kg3 g6 43. Kf2 Rb3 44. Rc4 Rd3 45. Rf4 Rc3 46. Rd4
Kh6 47. Rb4 g5 48. hxg5+ Kxg5 49. Rb8 Kg4 50. Rb2 Rc4 51. Rb8 Rc2+ 52. Kf1 Rg2
53. Rg8+ Kf4 54. Re8 Re2 55. Rf8 Re5 56. Kf2 Ra5 57. Rb8 Ra2+ 58. Kf1 f2 59.
Rb3 Kg4 60. Kg2 f4 61. Rb4 Re2 62. Rc4 Ra2 63. Rb4 Kf5 64. Rc4 f3+ 65. Kf1 Re2
66. Ra4 Re4 67. Rxe4 1/2-1/2

[Event "2024 Perth Chess Club Championship (Reserves)"]
[Site "Woodvale, Perth WA AUS"]
[Date "2024.05.22"]
[Round "7"]
[White "Rafiei Darani, Daryoush"]
[Black "Deng, Eric"]
[Result "1-0"]
[ECO "B21"]
[WhiteElo "1742"]
[BlackElo "1733"]
[PlyCount "65"]
[EventDate "2024.04.10"]
[EventType "swiss"]
[EventRounds "7"]
[EventCountry "AUS"]
[TimeControl "3600+30"]

1. e4 c5 2. d4 cxd4 3. c3 dxc3 4. Nxc3 Nc6 5. Bc4 e6 6. Nf3 a6 7. O-O Be7 8.
Qe2 Qc7 9. Rd1 b5 10. Bb3 Bb7 11. Nd5 Qd8 12. Nxe7 Ngxe7 13. Bf4 O-O 14. Bd6
Re8 15. Ng5 h6 16. Qh5 hxg5 17. Rd3 g6 18. Qh6 g4 19. h3 Nc8 20. Bf4 Qf6 21.
hxg4 Qg7 22. Qh4 Qh7 23. Qg5 Nb6 24. Rh3 Qg7 25. Qh4 Nd4 26. Bg5 f6 27. Bxf6 g5
28. Bxg5 Rf8 29. Bh6 Ne2+ 30. Kh1 Qxb2 31. Qg5+ Kf7 32. Rf3+ Nf4 33. Rxf4+ 1-0

[Event "2024 Perth Chess Club Championship (Reserves)"]
[Site "Woodvale, Perth WA AUS"]
[Date "2024.05.22"]
[Round "7"]
[White "Otis, Max"]
[Black "Gough, Dylan"]
[Result "1-0"]
[ECO "C02"]
[WhiteElo "1348"]
[BlackElo "1784"]
[PlyCount "119"]
[EventDate "2024.04.10"]
[EventType "swiss"]
[EventRounds "7"]
[EventCountry "AUS"]
[TimeControl "3600+30"]

1. e4 e6 2. d4 d5 3. e5 c5 4. c3 Nc6 5. Nf3 cxd4 6. cxd4 Nge7 7. Na3 a6 8. Nc2
Qb6 9. Bd3 Nb4 10. Nxb4 Qxb4+ 11. Qd2 Nc6 12. O-O Qxd2 13. Bxd2 Be7 14. a3 O-O
15. Rac1 Bd7 16. h4 f6 17. h5 h6 18. Rc3 fxe5 19. Nxe5 Nxe5 20. dxe5 Rac8 21.
Rfc1 Rc6 22. Rxc6 Bxc6 23. Bxa6 Rf5 24. f4 Bd8 25. g4 Bb6+ 26. Kh2 Rf7 27. b4
d4 28. Bc4 Re7 29. f5 Bd7 30. f6 Re8 31. b5 Kf7 32. a4 Ra8 33. Bb3 Rc8 34. Rxc8
Bxc8 35. Kg3 gxf6 36. exf6 Kxf6 37. Bxh6 Bc7+ 38. Kf3 b6 39. g5+ Kf7 40. Ke4
Ke7 41. Kxd4 Bf4 42. Ke4 Bc1 43. Bg7 Bxg5 44. Bd4 Bb7+ 45. Kd3 Kd6 46. Bxb6 Bg2
47. Be3 Bf6 48. b6 Bf1+ 49. Kd2 Ba6 50. h6 Bh8 51. Bc2 Bb7 52. a5 Kd7 53. Bd3
Kc8 54. Bc5 Be5 55. Bf8 Bf4+ 56. Ke2 Bd5 57. Bg7 Bxh6 58. Bxh6 Kb7 59. Ke3 Kc8
60. Be4 1-0

[Event "2024 Perth Chess Club Championship (Reserves)"]
[Site "Woodvale, Perth WA AUS"]
[Date "2024.05.22"]
[Round "7"]
[White "De Yaak, Peter"]
[Black "Oswald, Franz"]
[Result "0-1"]
[ECO "B12"]
[WhiteElo "1896"]
[BlackElo "1692"]
[PlyCount "88"]
[EventDate "2024.04.10"]
[EventType "swiss"]
[EventRounds "7"]
[EventCountry "AUS"]
[TimeControl "3600+30"]

1. e4 c6 2. d4 d5 3. e5 c5 4. c3 Nc6 5. Nf3 Bg4 6. Be2 e6 7. O-O Bxf3 8. Bxf3
cxd4 9. cxd4 Qb6 10. Be3 Nge7 11. b3 Nf5 12. Nc3 Ba3 13. Na4 Qc7 14. Bg4 b5 15.
Bxf5 bxa4 16. Bd3 O-O 17. Rb1 Rab8 18. bxa4 Rxb1 19. Qxb1 Rb8 20. Bxh7+ Kh8 21.
Qc2 g6 22. Bxg6 fxg6 23. Qxg6 Nd8 24. Bg5 Bf8 25. h4 Qf7 26. Qc2 Qd7 27. f4 Rb4
28. Bxd8 Qxd8 29. f5 Qxh4 30. fxe6 Qxd4+ 31. Qf2 Qxf2+ 32. Kxf2 Rf4+ 33. Ke2
Rxf1 34. Kxf1 Bc5 35. Ke2 Kg7 36. Kf3 Kf8 37. Kf4 Ke7 38. Kf5 d4 39. Ke4 Kxe6
40. g3 d3 41. Kxd3 Kxe5 42. Ke2 Ke4 43. a5 Bb4 44. a6 Bc5 0-1

[Event "2024 Perth Chess Club Championship (Reserves)"]
[Site "Woodvale, Perth WA AUS"]
[Date "2024.05.22"]
[Round "7"]
[White "Akers, Gerard"]
[Black "Garang, Kuol Awan"]
[Result "1-0"]
[ECO "C24"]
[WhiteElo "1642"]
[BlackElo "1634"]
[PlyCount "53"]
[EventDate "2024.04.10"]
[EventType "swiss"]
[EventRounds "7"]
[EventCountry "AUS"]
[TimeControl "3600+30"]

1. e4 e5 2. Bc4 Nf6 3. d4 exd4 4. Nf3 Bb4+ 5. c3 dxc3 6. bxc3 Bc5 7. O-O Nxe4
8. Bxf7+ Kf8 9. Bd5 Nxf2 10. Rxf2 Bxf2+ 11. Kxf2 h6 12. Be3 d6 13. Qd3 c6 14.
Bb3 Qf6 15. Nbd2 Bf5 16. Qe2 Qxc3 17. Rf1 Bd3 18. Qe1 Bxf1 19. Qxf1 Nd7 20. Bd4
Qb4 21. Kg1 Nf6 22. Qa1 Ke7 23. a3 Qa5 24. Qe1+ Kf8 25. Qe6 d5 26. Ne5 Qc7 27.
Ng6# 1-0

[Event "2024 Perth Chess Club Championship (Reserves)"]
[Site "Woodvale, Perth WA AUS"]
[Date "2024.05.22"]
[Round "7"]
[White "Browning, Thomas"]
[Black "Kerr, Carter"]
[Result "0-1"]
[ECO "D20"]
[WhiteElo "1644"]
[BlackElo "1875"]
[PlyCount "72"]
[EventDate "2024.04.10"]
[EventType "swiss"]
[EventRounds "7"]
[EventCountry "AUS"]
[TimeControl "3600+30"]

1. d4 d5 2. c4 dxc4 3. e4 b5 4. a4 c6 5. axb5 cxb5 6. Nc3 Bd7 7. Nf3 e6 8. Bg5
Be7 9. Be3 Nf6 10. Ne5 Bb4 11. Bg5 h6 12. Bxf6 Qxf6 13. Be2 Bc6 14. Bf3 O-O 15.
Nxc6 Nxc6 16. e5 Nxe5 17. dxe5 Qxe5+ 18. Kf1 Rad8 19. Qe1 Qxe1+ 20. Kxe1 Rd3
21. Rd1 Bxc3+ 22. bxc3 Rxc3 23. Kd2 b4 24. Rc1 Rd8+ 25. Ke2 Rxc1 26. Rxc1 c3
27. Rc2 a5 28. Bc6 Rb8 29. Be4 Rc8 30. Kd1 f5 31. Bd3 Rd8 32. Ke2 a4 33. Bc4
Kf7 34. Bb5 b3 35. Rxc3 b2 36. Rc7+ Kf6 0-1

[Event "2024 Perth Chess Club Championship (Reserves)"]
[Site "Woodvale, Perth WA AUS"]
[Date "2024.05.22"]
[Round "7"]
[White "Roebuck, Derek"]
[Black "Curtis, Calan"]
[Result "1-0"]
[ECO "C00"]
[WhiteElo "1781"]
[BlackElo "1627"]
[PlyCount "43"]
[EventDate "2024.04.10"]
[EventType "swiss"]
[EventRounds "7"]
[EventCountry "AUS"]
[TimeControl "3600+30"]

1. e4 e6 2. Nf3 d5 3. e5 c5 4. b4 cxb4 5. d4 Nc6 6. Bd3 Bd7 7. O-O Nge7 8. a3
Nf5 9. axb4 Ncxd4 10. Bb2 Nxf3+ 11. Qxf3 Nh4 12. Qg4 Ng6 13. Qd4 a5 14. bxa5
Rxa5 15. Nd2 Bc5 16. Qc3 Rxa1 17. Rxa1 b6 18. Nb3 d4 19. Nxd4 Nxe5 20. Be4 O-O
21. Nc6 Qf6 22. Nxe5 1-0

[Event "2024 Perth Chess Club Championship (Reserves)"]
[Site "Woodvale, Perth WA AUS"]
[Date "2024.05.22"]
[Round "7"]
[White "Knight, Charles"]
[Black "Kerr, Lennon"]
[Result "0-1"]
[ECO "C07"]
[WhiteElo "1474"]
[BlackElo "1712"]
[PlyCount "92"]
[EventDate "2024.04.10"]
[EventType "swiss"]
[EventRounds "7"]
[EventCountry "AUS"]
[TimeControl "3600+30"]

1. e4 e6 2. d4 d5 3. Nd2 c5 4. Ngf3 cxd4 5. Nxd4 Nc6 6. Bb5 Bd7 7. c3 Nf6 8.
exd5 exd5 9. O-O Nxd4 10. Bxd7+ Qxd7 11. cxd4 Be7 12. Nf3 O-O 13. Ne5 Qc7 14.
Bf4 Bd6 15. Rc1 Qb6 16. Re1 Qxb2 17. Rb1 Qxa2 18. Rxb7 Ne4 19. Re2 Qa6 20. Reb2
Rab8 21. Rxb8 Bxb8 22. Nd7 Bxf4 23. Nxf8 Kxf8 24. g3 Bd6 25. Kg2 Qc4 26. Qa1
Qc7 27. Ra2 g6 28. Rxa7 Qc4 29. Qd1 Ng5 30. h4 Ne4 31. Qf3 Be7 32. Qe3 g5 33.
hxg5 Bxg5 34. Qf3 Nf6 35. Qf5 h6 36. f4 Qe2+ 37. Kh3 Qf1+ 38. Kh2 Qe2+ 39. Kh3
Qh5+ 40. Kg2 Ng4 41. Qxf7+ Qxf7 42. Rxf7+ Kxf7 43. fxg5 hxg5 44. Kf3 Nf6 45.
Ke3 Ke6 46. Kf3 Kf5 0-1

[Event "2024 Perth Chess Club Championship (Reserves)"]
[Site "Woodvale, Perth WA AUS"]
[Date "2024.05.22"]
[Round "7"]
[White "Leech, Martin"]
[Black "Sethuraman, Jaswanth Ram"]
[Result "0-1"]
[ECO "C50"]
[WhiteElo "1546"]
[BlackElo "1557"]
[PlyCount "106"]
[EventDate "2024.04.10"]
[EventType "swiss"]
[EventRounds "7"]
[EventCountry "AUS"]
[TimeControl "3600+30"]

1. e4 e5 2. Nf3 Nc6 3. d4 exd4 4. Bc4 Be7 5. c3 dxc3 6. Qd5 Nh6 7. Bxh6 Rf8 8.
Bxg7 Nb4 9. Qh5 d5 10. Bxd5 Nd3+ 11. Kf1 Nf4 12. Qe5 Ng6 13. Qxc3 Rg8 14. Nbd2
c6 15. Bb3 Nf4 16. Rd1 Qc7 17. h4 b6 18. g3 Nh5 19. Ng5 Rxg7 20. Kg2 h6 21.
Bxf7+ Rxf7 22. Nxf7 Kxf7 23. Rhe1 Bg4 24. Rc1 c5 25. e5 Qc6+ 26. Kg1 Ke8 27.
Kh2 Rd8 28. f3 Be6 29. Rcd1 Ng7 30. Ne4 Rxd1 31. Rxd1 Nf5 32. Nf6+ Bxf6 33.
exf6 Kf7 34. Re1 Nd4 35. Re3 Bd5 36. f4 Qxf6 37. Rd3 Qc6 38. Rxd4 cxd4 39. Qxc6
Bxc6 40. Kg1 Be4 41. Kf2 d3 42. Ke1 Kg6 43. g4 h5 44. f5+ Kf6 45. gxh5 Bxf5 46.
Kd2 Kg7 47. a3 Kh6 48. b3 Kxh5 49. a4 Kxh4 50. b4 Kg5 51. a5 bxa5 52. bxa5 a6
53. Ke3 Kg4 0-1

[Event "2024 Perth Chess Club Championship (Reserves)"]
[Site "Woodvale, Perth WA AUS"]
[Date "2024.05.22"]
[Round "7"]
[White "Michael, Ashley"]
[Black "Leonhardt, Wolfgang"]
[Result "1-0"]
[ECO "B50"]
[WhiteElo "1559"]
[BlackElo "1767"]
[PlyCount "55"]
[EventDate "2024.04.10"]
[EventType "swiss"]
[EventRounds "7"]
[EventCountry "AUS"]
[TimeControl "3600+30"]

1. e4 c5 2. Nf3 d6 3. c3 Nf6 4. Be2 g6 5. O-O Bg7 6. Re1 Nc6 7. d3 h6 8. h3 a6
9. Be3 O-O 10. Qd2 Kh7 11. a4 Na5 12. Qc2 Be6 13. Nbd2 Rc8 14. Nc4 Nxc4 15.
dxc4 Rc7 16. Rad1 Qc8 17. Bf1 a5 18. Bf4 Nh5 19. Bh2 f6 20. g4 Bxg4 21. hxg4
Qxg4+ 22. Bg2 Nf4 23. Bxf4 Qxf4 24. Re3 g5 25. Nd2 g4 26. Nb3 b6 27. Rd5 Kh8
28. Rf5 1-0

[Event "2024 Perth Chess Club Championship (Reserves)"]
[Site "Woodvale, Perth WA AUS"]
[Date "2024.05.22"]
[Round "7"]
[White "Gough, Sebastian"]
[Black "Overste, Brian"]
[Result "1-0"]
[ECO "D00"]
[WhiteElo "1206"]
[BlackElo "981"]
[PlyCount "65"]
[EventDate "2024.04.10"]
[EventType "swiss"]
[EventRounds "7"]
[EventCountry "AUS"]
[TimeControl "3600+30"]

1. d4 d5 2. e3 a6 3. Bd3 Nf6 4. Nd2 Nc6 5. c3 e5 6. c4 e4 7. Be2 b6 8. cxd5
Qxd5 9. Bc4 Qf5 10. Qc2 Bb4 11. Be2 Ng4 12. Bxg4 Qxg4 13. Qxc6+ Bd7 14. Qxa8+
Bc8 15. h3 Qe6 16. Ke2 O-O 17. Qxe4 Qh6 18. Qf4 Qh5+ 19. g4 Qb5+ 20. Kf3 Bb7+
21. e4 Qd3+ 22. Qe3 Qc2 23. Ne2 Re8 24. d5 Bxd5 25. Nd4 Qa4 26. a3 Bxd2 27.
Bxd2 c5 28. b3 Bxe4+ 29. Qxe4 Rxe4 30. bxa4 Rxd4 31. Rhe1 g5 32. Re8+ Kg7 33.
Bc3 1-0

[Event "2024 Perth Chess Club Championship (Reserves)"]
[Site "Woodvale, Perth WA AUS"]
[Date "2024.05.22"]
[Round "7"]
[White "Brooke, John"]
[Black "Porteus, Grant"]
[Result "1-0"]
[ECO "B15"]
[WhiteElo "1397"]
[BlackElo "1183"]
[PlyCount "119"]
[EventDate "2024.04.10"]
[EventType "swiss"]
[EventRounds "7"]
[EventCountry "AUS"]
[TimeControl "3600+30"]

1. e4 c6 2. Nc3 d5 3. d4 dxe4 4. Nxe4 e5 5. Be3 Bf5 6. Ng3 Bg6 7. Bc4 Qc7 8.
Nf3 Nd7 9. O-O Bd6 10. Re1 O-O-O 11. Nh4 Ne7 12. Qd2 f5 13. Bg5 Nf6 14. Be6+
Kb8 15. Nhxf5 exd4 16. Nxd6 Rxd6 17. Bb3 Ned5 18. Rad1 h6 19. Bxf6 Nxf6 20. Qb4
Rhd8 21. a4 a5 22. Qc4 Qb6 23. Re7 d3 24. c3 d2 25. Rxg7 Re8 26. Rxg6 h5 27. h4
Rf8 28. Ne4 Nxe4 29. Rxd6 Qxf2+ 30. Kh2 Qxh4+ 31. Kg1 Qf2+ 32. Kh2 Nxd6 33. Qd3
Qf4+ 34. Qg3 Ne4 35. Qxf4+ Rxf4 36. Bc2 Rh4+ 37. Kg1 Kc7 38. Bxe4 Rxe4 39. Rxd2
Re1+ 40. Kf2 Rb1 41. Kg3 Rh1 42. c4 Kb6 43. Rc2 Kc5 44. b3 Rb1 45. Rc3 Kb4 46.
Rc2 Kxb3 47. Rf2 Kxa4 48. Rf4 c5 49. Rh4 Kb4 50. Rxh5 a4 51. Rh6 a3 52. Rb6+
Kxc4 53. Rxb1 Kc3 54. Rxb7 a2 55. Ra7 Kb3 56. Kf2 c4 57. Ke2 c3 58. Kd1 c2+ 59.
Kc1 Kc3 60. Rxa2 1-0

[Event "2024 Perth Chess Club Championship (Reserves)"]
[Site "Woodvale, Perth WA AUS"]
[Date "2024.05.22"]
[Round "7"]
[White "Boswarva, Ernest"]
[Black "Owen, Geoffrey"]
[Result "1-0"]
[ECO "A41"]
[WhiteElo "1497"]
[BlackElo "1104"]
[PlyCount "81"]
[EventDate "2024.04.10"]
[EventType "swiss"]
[EventRounds "7"]
[EventCountry "AUS"]
[TimeControl "3600+30"]

1. d4 c6 2. c4 d6 3. Nc3 Nd7 4. Nf3 h6 5. e4 g5 6. Be3 Bg7 7. Be2 Nf8 8. Qc2 g4
9. Nd2 h5 10. d5 Ng6 11. g3 h4 12. O-O-O a5 13. dxc6 bxc6 14. Na4 Rb8 15. Nb3
Bh6 16. Bd2 Bxd2+ 17. Rxd2 Nf6 18. Rhd1 Ne5 19. c5 Rb4 20. Nb6 Nf3 21. Bxf3
gxf3 22. Nxa5 Qc7 23. e5 Nd7 24. exd6 Qa7 25. Nxc8 Qxa5 26. dxe7 Qxa2 27. Rxd7
Qa1+ 28. Qb1 Rc4+ 29. Kd2 Qa5+ 30. Ke3 Qxc5+ 31. R7d4 Qe5+ 32. Qe4 Qg5+ 33. Qf4
Qc5 34. Nd6+ Kxe7 35. Qxf7+ Kd8 36. Nb7+ Kc8 37. Nxc5 Rxc5 38. Qe6+ Kb7 39.
Rb4+ Kc7 40. Qe7+ Kc8 41. Qd7# 1-0

[Event "2024 Perth Chess Club Championship (Reserves)"]
[Site "Woodvale, Perth WA AUS"]
[Date "2024.05.22"]
[Round "7"]
[White "Markou, Victor"]
[Black "May, Wendy"]
[Result "1-0"]
[ECO "C44"]
[WhiteElo "1003"]
[BlackElo "898"]
[PlyCount "111"]
[EventDate "2024.04.10"]
[EventType "swiss"]
[EventRounds "7"]
[EventCountry "AUS"]
[TimeControl "3600+30"]

1. e4 e5 2. Nf3 Nc6 3. g3 Nf6 4. Bg2 Nxe4 5. O-O d5 6. d3 Nf6 7. Re1 e4 8. dxe4
dxe4 9. Nfd2 Bc5 10. Nxe4 Qxd1 11. Rxd1 Ng4 12. Nxc5 b6 13. Re1+ Nce5 14. Bxa8
bxc5 15. f3 O-O 16. fxg4 Bxg4 17. Rxe5 Rxa8 18. Rxc5 Rd8 19. Nc3 Re8 20. Bd2
Re7 21. Re1 Rxe1+ 22. Bxe1 g6 23. Ne4 Kg7 24. Bc3+ Kh6 25. Bd2+ Kg7 26. Bc3+
Kf8 27. Bb4 Bf5 28. Rxc7+ Kg7 29. Nd6 Kf6 30. Bc3+ Ke6 31. Nxf5 gxf5 32. Kf2 f6
33. Rc6+ Kf7 34. Rxf6+ Ke7 35. Kf3 h5 36. Kf4 a5 37. Rh6 a4 38. Ke5 Kf7 39.
Kxf5 Ke7 40. Ke5 Kd7 41. Kd5 a3 42. b3 Ke7 43. Bb4+ Kd7 44. Rh7+ Kc8 45. Kc6
Kd8 46. Kd6 Ke8 47. Rh8+ Kf7 48. Rh7+ Kg6 49. Re7 Kg5 50. Ke5 Kg4 51. Ke4 Kh3
52. Kf3 Kxh2 53. Kf2 Kh3 54. Re5 Kg4 55. Re4+ Kh3 56. Rh4# 1-0